 Dungeon Crawl Stone Soup version 0.31-a0-743-g45f7035092 (webtiles) character file.

Game seed: 4679628605965057218

379 Bravepunisher the Nimble (level 6, -7/33 HPs)
             Began as a Spriggan Monk on Sept 13, 2023.
             Engulfed by a cloud of steam (9 damage)
             ... on level 7 of the Dungeon.
             The game lasted 00:07:26 (1485 turns).

Bravepunisher the Nimble (Spriggan Monk)            Turns: 1485, Time: 00:07:27

Health: -7/33      AC:  3    Str:  7    XL:     6   Next: 45%
Magic:  7/7        EV: 24    Int: 12    God:
Gold:   28         SH:  0    Dex: 21    Spells: 5/5 levels left

rFire   . . .        f - +1 hand axe "Murmur" {drain, rN+ Dex+2}
rCold   . . .        d - orb {light}
rNeg    + . .        b - +0 robe
rPois   .            (helmet restricted)
rElec   .            j - +0 cloak
rCorr   .            (gloves unavailable)
SInv    +            (boots unavailable)
Will    +....        (no amulet)
Stlth   +            (no ring)
HPRegen 0.25/turn    (no ring)
MPRegen 0.10/turn

%: no passive effects
@: glowing, very quick
A: very small, no large weapons, unfitting armour, see invisible, speed 3
a: no special abilities


You were on level 7 of the Dungeon.
You visited 1 branch of the dungeon, and saw 7 of its levels.

You collected 28 gold pieces.

Inventory:

Hand Weapons
 a - a +0 short sword
 f - the +1 hand axe "Murmur" (weapon) {drain, rN+ Dex+2}
   (You found it on level 6 of the Dungeon)

   Dex+2:     It affects your dexterity (+2).
   rN+:       It protects you from negative energy.
Armour
 b - a +0 robe (worn)
 d - an orb of light (worn)
 j - a +0 cloak (worn)
Wands
 h - a wand of polymorph (6)
Scrolls
 i - a scroll of identify


   Skills:
 + Level 4.0 Fighting
 - Level 3.2 Short Blades
 * Level 8.2 Dodging


You had 5 spell levels left.
You didn't know any spells.
Your spell library contained the following spells:

 Spells                   Type           Power      Damage    Failure   Level
 Kiss of Death            Conj/Necr      0%         2d5       32%         1
 Confusing Touch          Hex            0%         N/A       69%         3
 Tukima's Dance           Hex            0%         N/A       69%         3
 Dispel Undead            Necr           0%         3d6       97%         4
 Passage of Golubria      Tloc           0%         N/A       97%         4
 Yara's Violent Unravell  Hex/Tmut       0%         3d3       100%        5


Dungeon Overview and Level Annotations

Branches:
Dungeon (7/15)             Temple (0/1) D:7

Altars:
Elyvilon
Nemelex Xobeh
Vehumet
Wu Jian
Xom

Shops:
D:4 =(?   D:5 :   D:7 !


Innate Abilities, Weirdness & Mutations

You are very small and have problems with some larger weapons.
You are too small for most types of armour.
You have supernaturally acute eyesight. (SInv)
You cover ground extremely quickly. (Speed+++)


Message History

You feel aware of your surroundings.
You sensed 1 shop/portal.
It was a scroll of revelation.
You are engulfed in a cloud of scalding steam.
The steam dragon bites you but does no damage.
The steam dragon claws you but does no damage.
Found Qeot's Distillery.
You hit the steam dragon but do no damage.
You drain the steam dragon.
The steam dragon is moderately wounded.
The steam dragon bites you but does no damage.
The steam dragon claws you but does no damage.
You hit the steam dragon. You drain the steam dragon.
The steam dragon is heavily wounded.
The steam dragon bites you.
* * * LOW HITPOINT WARNING * * *
The steam dragon claws you but does no damage.
You hit the steam dragon. You drain the steam dragon.
The steam dragon is severely wounded.
The steam dragon bites you but does no damage.
The steam dragon claws you.
* * * LOW HITPOINT WARNING * * *
The steam dragon bites you but does no damage.
The steam dragon claws you but does no damage.
You hit the steam dragon but do no damage.
You drain the steam dragon.
The steam dragon is almost dead.
The steam dragon breathes steam at you.
The ball of steam hits you but does no damage.
Unknown command.
You hit the steam dragon but do no damage.
The steam dragon is almost dead.
You are engulfed in a cloud of scalding steam.
* * * LOW HITPOINT WARNING * * *
You feel less wooden.
Your +0 cloak unmelds from your body.
Your +0 robe unmelds from your body.
The steam dragon misses you. The steam dragon completely misses you.
You hit the steam dragon.
You kill the steam dragon!
You are engulfed in a cloud of scalding steam.
You die...

*********,*
*,*,*,>,*********,
,,,,,,,,,.######K#K#.###*
*,
###..****#######KKK#....*
*, .....#
##############.*** *,
≈≈§≈.# #############..,,*
*, §≈≈≈.#
#############+++,* *,
§.§≈.# ############.+∩+,*
*,
§§≈≈.################.+++**
*,
≈§≈≈.........§.§@†......,*
*,
§§≈≈...#################**
*, ......##
#####..o....###********,
###...#
#####.#####....,,,,,,,,, #
#####
#####l#########********* #
#####.######### #
#####.######### #
#####.######### # *,*


There were no monsters in sight!

Vanquished Creatures
  A steam dragon (D:7)
  A water moccasin (D:7)
  A centaur (D:5)
  A bullfrog (D:7)
  A scorpion (D:6)
  An orc priest (D:7)
  An iguana (D:5)
  A shadow imp (D:7)
  3 orcs (D:7)
  A ball python (D:1)
  2 endoplasms
  A giant cockroach (D:1)
  2 jackals (D:4)
  A quokka (D:1)
  A bat (D:3)
  2 frilled lizards
21 creatures vanquished.

Notes
Turn   | Place    | Note
-------+----------+-------------------------------------------
     0 | D:1      | Bravepunisher the Spriggan Monk began the quest for the
                  | Orb.
     0 | D:1      | Reached XP level 1. HP: 11/11 MP: 2/2
   171 | D:3      | Reached XP level 2. HP: 10/16 MP: 3/3
   224 | D:4      | Noticed a scorpion
   260 | D:4      | Found Nefoyjuc's Antique Weapon Shop.
   275 | D:4      | Found Xowiusot's Magic Scroll Emporium.
   304 | D:5      | Entered Level 5 of the Dungeon
   304 | D:5      | Noticed a centaur
   304 | D:5      | Noticed a scorpion
   304 | D:5      | Found a white marble altar of Elyvilon.
   341 | D:5      | Killed a centaur
   342 | D:5      | Reached skill level 6 in Dodging
   342 | D:5      | Reached XP level 3. HP: 10/20 MP: 4/4
   342 | D:5      | Reached XP level 4. HP: 13/24 MP: 5/5
   401 | D:5      | Found Faadgh's Book Shoppe.
   424 | D:4      | Found a radiant altar of Vehumet.
   447 | D:4      | Found Datisarph's Jewellery Shop.
   470 | D:4      | Noticed a scorpion
   632 | D:7      | Noticed a steam dragon
   938 | D:6      | Found an ornate altar of the Wu Jian Council.
   993 | D:6      | Identified the +1 hand axe "Murmur" {drain, rN+ Dex+2}
  1028 | D:6      | Noticed an orc warrior
  1050 | D:6      | Noticed a centaur
  1084 | D:6      | Noticed a scorpion
  1094 | D:6      | Killed a scorpion
  1095 | D:6      | Reached XP level 5. HP: 23/28 MP: 6/6
  1128 | D:6      | Noticed a sky beast
  1244 | D:7      | Reached skill level 7 in Dodging
  1271 | D:7      | Found a shimmering altar of Xom.
  1300 | D:7      | Reached XP level 6. HP: 28/33 MP: 7/7
  1379 | D:7      | Noticed a water moccasin
  1412 | D:7      | Noticed a steam dragon
  1442 | D:7      | Found a sparkling altar of Nemelex Xobeh.
  1458 | D:7      | Noticed a steam dragon
  1477 | D:7      | Killed a water moccasin
  1478 | D:7      | Reached skill level 8 in Dodging
  1479 | D:7      | Found Qeot's Distillery.
  1484 | D:7      | HP: 2/49 [steam dragon] (6)]
  1485 | D:7      | Killed a steam dragon
  1485 | D:7      | Engulfed by a cloud of steam

Illustrated notes

Levels and vault maps discovered:
D:1:      minmay_arrival_cross, layout_basic
D:2:      minmay_door_path, layout_rooms, basic_altar, serial_glass,
          glass_columns_b, glass_columns_a, feat_on_display, feat_on_display,
          uniq_robin
D:3:      layout_loops_cross, nicolae_uskayaw_en_pointe, uniq_crazy_yiuf_cottage
D:4:      layout_layer_cave, nicolae_vehumet_altar_sigil, serial_shops, shop,
          shop, nicolae_shop_gaudy_bauble, shop, nicolae_shop_waterfront
D:5:      layout_rooms, elyvilon_altar_3, serial_shops, shop, serial_rivers,
          chequers_serial_rivers_micro_d, chequers_serial_rivers_micro_e,
          chequers_serial_rivers_large_a, chequers_serial_rivers_micro_a,
          chequers_serial_rivers_large_b, uniq_duvessa
D:6:      layout_loops_corners, lemuel_doored_altar
D:7:      layout_basic, mainiacjoe_overflow_paths, general_overflow_altar,
          minmay_temple_entry_hall, serial_shops,
          nicolae_shop_tiny_real_fake_doors, chequers_decorated_corner,
          nicolae_concentric_dashed_squares_mild, kennysheep_pointless_box

Skill      XL: |  1  2  3  4  5  6 |
---------------+-------------------+-----
Fighting       | 3 4 |  4.0
Dodging        | 6 7 8 |  8.2
Short Blades   | |  3.2

Action                     |  1- 3 |  4- 6 || total
---------------------------+-------+-------++-------
  Melee: Short sword       |    49 |    34 ||    83
         Hand axe          |       |    56 ||    56
    Use: Potion            |     4 |     2 ||     6
         Scroll            |       |     5 ||     5
   Stab: Sleeping          |     1 |       ||     1
 Armour: Robe              |    20 |    23 ||    43
         Skin              |       |    31 ||    31
  Dodge: Dodged            |    61 |   122 ||   183

Table legend: (Time is in decaauts)
 A = Elapsed time spent in this place.
 B = Non-inter-level travel time spent in this place.
 C = Inter-level travel time spent in this place.
 D = Time resting spent in this place.
 E = Time spent auto-exploring this place.
 F = Levels seen in this place.
 G = Mean time per level.
                   A        B        C        D        E       F      G
               +--------+--------+--------+--------+--------+-----+--------+
         Total |   1113 |   1113 |      0 |     93 |    337 |   7 |  159.0 |
       Dungeon |   1113 |   1113 |      0 |     93 |    337 |   7 |  159.0 |
               +--------+--------+--------+--------+--------+-----+--------+

Top non-repeatable levels by time:
     D:5: 349 daAuts
     D:7: 282 daAuts
     D:6: 230 daAuts
     D:1: 103 daAuts
     D:4: 89 daAuts
     D:3: 55 daAuts
     D:2: 2 daAuts
